 Dungeon Crawl Stone Soup version 0.32-a0-699-g1ee5eff69a (webtiles) character file.

Game seed: 2277674530031527536

297 cojito the Trooper (level 6, -1/51 HPs)
             Began as a Mountain Dwarf Wanderer on Mar 14, 2024.
             Was an Initiate of Yredelemnul.
             Slain by a black bear (8 damage)
             ... on level 5 of the Dungeon.
             The game lasted 00:07:22 (3534 turns).

cojito the Trooper (Mountain Dwarf Wanderer)        Turns: 3534, Time: 00:07:22

Health: -1/51      AC:  5    Str: 17    XL:     6   Next: 12%
Magic:  6/6        EV: 10    Int: 12    God:    Yredelemnul [......]
Gold:   199        SH:  0    Dex:  9    Spells: 5/5 levels left

rFire   . . .        q - +0 orcbow
rCold   . . .        (shield currently unavailable)
rNeg    . . .        e - +0 leather armour
rPois   .            m - +0 helmet
rElec   .            (no cloak)
rCorr   .            (no gloves)
SInv    .            c - +0 pair of boots
Will    .....        (no amulet)
Stlth   ++           (no ring)
HPRegen 0.28/turn    (no ring)
MPRegen 0.10/turn

%: no passive effects
@: wreathed by umbra
A: runic magic, artefact enchanting
a: Renounce Religion, Light the Black Torch, Recall Undead Harvest


You were on level 5 of the Dungeon.
You worshipped Yredelemnul.
Yredelemnul was noncommittal.
You visited 2 branches of the dungeon, and saw 6 of its levels.

You collected 199 gold pieces.

Inventory:

Hand Weapons
 a - a +0 shortbow
 b - a +0 short sword
 q - a +0 orcbow (weapon)
Missiles
 j - 18 poisoned darts
Armour
 c - a +0 pair of boots (worn)
 e - a +0 leather armour (worn)
 m - a +0 helmet (worn)
Jewellery
 l - a ring of ice
 n - an amulet of the acrobat
Scrolls
 d - a scroll of blinking
 f - a scroll of vulnerability
 h - a scroll of revelation
 i - 2 scrolls of teleportation
 k - a scroll of fear
Potions
 o - a potion of brilliance


   Skills:
 + Level 3.4 Fighting
 - Level 1.0 Short Blades
 * Level 3.0 Ranged Weapons
 + Level 3.3 Armour
 + Level 2.3 Dodging
 - Level 2.9 Stealth
 + Level 0.0 Invocations


You had 5 spell levels left.
You didn't know any spells.
Your spell library contained the following spells:

 Spells                   Type           Power      Damage    Failure   Level
 Apportation              Tloc           0%         N/A       34%         1
 Necrotise                Necr           0%         1d4       34%         1
 Sting                    Conj/Alch      0%         1d3       34%         1
 Summon Small Mammal      Summ           0%         N/A       34%         1
 Ensorcelled Hibernation  Hex/Ice        0%         N/A       45%         2
 Inner Flame              Hex/Fire       0%         N/A       71%         3
 Passwall                 Erth           0%         N/A       71%         3
 Swiftness                Air            0%         N/A       71%         3
 Flame Wave               Conj/Fire      0%         2d4       98%         4
 Sticky Flame             Fire/Alch      0%         2d4       98%         4


Dungeon Overview and Level Annotations

Branches:
Dungeon (5/15)             Temple (1/1) D:5

Altars:
Ashenzari
Dithmenos
Elyvilon
Fedhas
Gozag
Hepliaklqana
Kikubaaqudgha
Makhleb
Nemelex Xobeh
Okawaru
Ru
Sif Muna
Trog
Uskayaw
Vehumet
Xom
Yredelemnul
Zin
The Shining One


Innate Abilities, Weirdness & Mutations

Your spellcasting is much less encumbered by armour.
You can use scrolls of enchantment on lesser artefacts.


Message History

The black bear barely misses you.
You shoot an arrow. The arrow hits the black bear.
The black bear is heavily wounded.
The black bear bites you but does no damage.
The black bear claws you but does no damage. x2
Okay, then.
Unknown command.
You shoot an arrow.
The arrow closely misses the black bear.
The black bear barely misses you. The black bear closely misses you.
The black bear barely misses you. The black bear bites you.
The black bear claws you.
The black bear claws you but does no damage.
You shoot an arrow. The arrow hits the black bear.
The black bear is heavily wounded.
The black bear bites you but does no damage.
The black bear claws you but does no damage.
The black bear barely misses you.
You shoot an arrow. The arrow hits the black bear.
The black bear is severely wounded.
The black bear closely misses you. The black bear claws you. x2
You shoot an arrow. The arrow hits the black bear.
The black bear is almost dead.
The black bear goes berserk!
The black bear bites you!
* * * LOW HITPOINT WARNING * * *
The black bear barely misses you. The black bear claws you.
* * * LOW HITPOINT WARNING * * *
You are too injured to fight recklessly!
You are too injured to fight recklessly!
Fire: q) +0 orcbow
Press: ? - help, Q - select action, (/) - cycle Shift-Dir - straight line, f/p - black bear
Aim: a black bear (almost dead, berserk, umbra, 55% to hit)
You shoot an arrow.
The arrow hits the black bear but does no damage.
The black bear is almost dead.
The black bear bites you!
* * * LOW HITPOINT WARNING * * *
The black bear barely misses you. x2; The black bear bites you!
You die...
Your body rises from the dead as a mindless zombie.

#. ..# #..
#.#) #.#.###
# #.# ..#
####.#Z###h#
..#.#.#..@#
#.#.......#.#
#.###.#.....#
#.......#####
#.......#
###.#######
#.....#
#.#.......#
#.###...#..


You could see a black bear (berserk).

Vanquished Creatures
  A scorpion (D:4)
  A bombardier beetle (D:4)
  A crimson imp (D:4)
  A jelly (D:4)
  A sleepcap (D:4)
  An orc wizard (D:3)
  Robin (D:3)
  2 adders
  A white imp (D:4)
  2 dart slugs
  A ribbon worm (D:4)
  10 endoplasms
  A giant cockroach (D:3)
  9 goblins
  8 hobgoblins
  7 ball pythons
  3 bats
  2 kobolds (D:4)
  3 rats
56 creatures vanquished.

Vanquished Creatures (others)
  An orc wizard (D:3)
  A dart slug zombie (D:5)
2 creatures vanquished.

Grand Total: 58 creatures vanquished

Notes
Turn   | Place    | Note
-------+----------+-------------------------------------------
     0 | D:1      | cojito the Mountain Dwarf Wanderer began the quest for the
                  | Orb.
     0 | D:1      | cojito set off with the following items: a +0 shortbow, a
                  | +0 short sword, a +0 pair of boots, a scroll of blinking, a
                  | +0 leather armour.
     0 | D:1      | Reached XP level 1. HP: 16/16 MP: 1/1
   427 | D:1      | Reached XP level 2. HP: 23/23 MP: 2/2
  1045 | D:3      | Noticed Robin
  1141 | D:3      | Killed Robin
  1142 | D:3      | Reached XP level 3. HP: 21/29 MP: 3/3
  1292 | D:3      | Found a radiant altar of Vehumet.
  1588 | D:3      | Found a sacrificial altar of Ru.
  1678 | D:3      | Noticed a water moccasin
  1924 | D:3      | Found a shimmering blue altar of Sif Muna.
  1930 | D:3      | HP: 1/30 [orc wizard/puff of flame (6)]
  2321 | D:3      | Reached XP level 4. HP: 31/37 MP: 4/4
  2391 | D:3      | Found a glowing silver altar of Zin.
  2490 | D:4      | Reached XP level 5. HP: 38/44 MP: 5/5
  2702 | D:4      | Found a glowing golden altar of the Shining One.
  3007 | D:4      | Reached XP level 6. HP: 17/51 MP: 6/6
  3425 | D:5      | Entered Level 5 of the Dungeon
  3432 | D:5      | Found a staircase to the Ecumenical Temple.
  3450 | Temple   | Entered the Ecumenical Temple
  3462 | Temple   | Became a worshipper of Yredelemnul the Fallen
  3534 | D:5      | Slain by a black bear

Illustrated notes

Levels and vault maps discovered:
D:1:      dpeg_arrival_arbitrary_b, layout_rooms, nicolae_houndstooth_variations
D:2:      layout_basic, patterned_corridor
D:3:      layout_basic, zin_statuary, mainiacjoe_overflow_tiny_flanked,
          mainiacjoe_overflow_chevrons, mainiacjoe_overflow_boulevard,
          led_sif_book, uniq_robin
D:4:      layout_basic, kennysheep_little_box, serial_rivers,
          chequers_serial_rivers_micro_a, chequers_serial_rivers_micro_d,
          chequers_serial_rivers_room_a, chequers_serial_rivers_small_a,
          chequers_serial_rivers_micro_c, chequers_serial_rivers_micro_d,
          minmay_fire_ice_demons
D:5:      layout_basic, temple_pool_b, minmay_misc_feat_square
Temple:   nicolae_temple_great_sept

Skill      XL: |  1  2  3  4  5 |
---------------+----------------+-----
Fighting       | 2 3 |  3.4
Armour         | 2 3 |  3.3
Ranged Weapons | 2 3 |  3.0
Dodging        | 2 |  2.3
Short Blades   | |  1.0
Stealth        | |  2.9

Action                     |  1- 3 |  4- 6 || total
---------------------------+-------+-------++-------
  Melee: Short sword       |    11 |       ||    11
   Fire: Shortbow          |   156 |   221 ||   377
         Orcbow            |       |    47 ||    47
 Invoke: Light the Black T |       |     1 ||     1
    Use: Scroll            |     7 |     1 ||     8
         Potion            |     3 |     2 ||     5
   Stab: Invisible         |     1 |       ||     1
 Armour: Leather armour    |    74 |   140 ||   214
  Dodge: Dodged            |    47 |   118 ||   165

Table legend: (Time is in decaauts)
 A = Elapsed time spent in this place.
 B = Non-inter-level travel time spent in this place.
 C = Inter-level travel time spent in this place.
 D = Time resting spent in this place.
 E = Time spent auto-exploring this place.
 F = Levels seen in this place.
 G = Mean time per level.
                   A        B        C        D        E       F      G
               +--------+--------+--------+--------+--------+-----+--------+
         Total |   3658 |   3444 |    214 |    716 |   1822 |   6 |  609.7 |
       Dungeon |   3634 |   3431 |    203 |    716 |   1822 |   5 |  726.8 |
        Temple |     24 |     13 |     11 |      0 |      0 |   1 |   24.0 |
               +--------+--------+--------+--------+--------+-----+--------+

Top non-repeatable levels by time:
     D:3: 1207 daAuts
     D:4: 1076 daAuts
     D:2: 744 daAuts
     D:1: 507 daAuts
     D:5: 98 daAuts
  Temple: 24 daAuts
